 Dungeon Crawl Stone Soup version 0.14.0-26-g1682e81 (webtiles) character file.

2230 Heini the Cleaver (level 9, -8/79 HPs)
             Began as a Hill Orc Fighter on Apr 27, 2014.
             Was a Follower of Okawaru.
             Killed by divine providence
             ... invoked by an orc priest
              (15 damage)
             ... on Level 6 of the Dungeon.
             The game lasted 00:17:53 (6069 turns).

Heini the Cleaver (Hill Orc Fighter)                Turns: 6069, Time: 00:17:53

HP  -8/79        AC 17     Str 22      XL: 9   Next: 25%
MP   9/9         EV  4     Int  8      God: Okawaru [*.....]
Gold 174         SH 19     Dex 10      Spells:  0 memorised,  8 levels left

rFire  . . .     SeeInvis .     a - +1 war axe
rCold  . . .     Clarity  .     k - +1 plate armour
rNeg   . . .     Conserve .     c - +0 shield
rPois  .         rCorr    .     v - +0 helmet
rElec  .         rRot     .     (no cloak)
SustAb . .       Spirit   .     (no gloves)
rMut   .         Warding  .     y - +0 pair of boots
Saprov + . .     Stasis   .     (no amulet)
MR     .....                    (no ring)
                                (no ring)

@: not resistant to hostile enchantments, extremely unstealthy
A: saprovore 1
a: Heroism, Renounce Religion, Convert to Beogh


You were on level 6 of the Dungeon.
You worshipped Okawaru.
Okawaru was aware of your devotion.
You were hungry.

You visited 1 branch of the dungeon, and saw 6 of its levels.

You collected 216 gold pieces.
You spent 42 gold pieces at shops.

Inventory:

Hand weapons
 a - a +1,+1 war axe (weapon)
Armour
 c - a +0 shield (worn)
 k - a +1 plate armour (worn)
 v - a +0 helmet (worn)
 y - a +0 pair of boots (worn)
Magical devices
 e - a wand of confusion (18)
Comestibles
 b - 4 bread rations
 d - 3 meat rations
 f - 2 apples
 i - 5 grapes
 o - a rotting chunk of adder flesh
 t - a slice of pizza
 C - 2 pears
Scrolls
 g - a scroll of enchant weapon II
 m - a scroll of fog
 r - a scroll of magic mapping
 u - a scroll of identify
 w - 3 scrolls of remove curse
 x - a scroll of silence {unknown}
 E - a scroll of recharging
 F - a scroll of teleportation
Jewellery
 A - an uncursed ring of see invisible {unknown}
Potions
 h - a potion of restore abilities
 j - a potion of curing
 l - 2 potions of haste
 n - a potion of agility {unknown}
 q - a potion of lignification {unknown}
 s - a potion of magic {unknown}
 z - a potion of poison {unknown}
 D - a potion of confusion {unknown}
Rods
 p - a -2 rod of inaccuracy (12/12)
   (You found it on level 3 of the Dungeon)


   Skills:
 * Level 7.6 Fighting
 * Level 9.9 Axes
 * Level 8.8 Armour
 - Level 3.4 Shields


You had 8 spell levels left.
You didn't know any spells.

Dungeon Overview and Level Annotations

Branches:
Dungeon (6/15)
 Temple: D:4-7

Altars:
Ashenzari
Elyvilon
Nemelex Xobeh
Okawaru
Sif Muna
Trog
Vehumet
Yredelemnul

Shops:
D:5 *


Innate Abilities, Weirdness & Mutations

You can tolerate rotten meat.


Message History

The gnoll is severely wounded.
You block the gnoll's attack. x2
The orc priest shouts, "Surrender to Beogh and we'll let you live!"
You hit the gnoll.
The gnoll is almost dead.
The gnoll hits you from afar with a halberd!
* * * LOW HITPOINT WARNING * * *
You block the gnoll's attack.
Drink which item? (? for menu, Esc to quit)
You feel better. You block the gnoll's attack.
The gnoll hits you but does no damage.
You hit the gnoll but do no damage.
The gnoll is almost dead.
The gnoll hits you from afar with a halberd.
* * * LOW HITPOINT WARNING * * *
You block the gnoll's attack. The gnoll hits you but does no damage.
The orc priest mumbles some strange prayers to Beogh against you.
Something smites you!
You die...

.##### #.# .# #.# .### #.# ...#
#.# ######### ##.# ##.#
#......... ##'### #..#
#......... .....# #.# #....[....
.....########.########..........
.....'..........@..g.go)........
.....########.########..........
.....# #.# #......... ###+## #.#
#......... #.. #.# ########.#
#.# #.# #.# #.# ####+## #.# #.#
########.....# ##.####
###+###......+.....#


You could see an orc priest and 2 gnolls.

Vanquished Creatures
  Grinder (D:3)
  The ghost of vatarom the Cudgeler, an average DrBe of Trog (D:4)
  2 phantoms
  2 sky beasts
  An ogre (D:5)
  2 giant frogs (D:6)
  6 killer bees (D:5)
  2 scorpions
  A goliath beetle (D:6)
  4 orc priests
  A gnoll shaman (D:6)
  2 worker ants (D:5)
  An iguana (D:6)
  2 orc wizards (D:6)
  13 adders
  A scorpion zombie (D:5)
  5 gnolls
  2 giant mites (D:5)
  An inept item mimic (D:3)
  5 worms
  An adder zombie (D:6)
  A giant eyeball (D:4)
  2 orc skeletons
  4 giant geckos
  An ooze (D:2)
  27 orcs
  10 ball pythons
  6 giant cockroaches
  8 goblins
  9 hobgoblins
  10 jackals
  11 kobolds
  2 quokkas (D:2)
  10 bats
  7 giant newts
  A goblin skeleton (D:4)
  A hobgoblin skeleton (D:5)
  A hobgoblin zombie (D:6)
  11 rats
178 creatures vanquished.

Notes
Turn   | Place    | Note
--------------------------------------------------------------
     0 | D:1      | Heini, the Hill Orc Fighter, began the quest for the Orb.
     0 | D:1      | Reached XP level 1. HP: 19/19 MP: 1/1
   175 | D:1      | Reached XP level 2. HP: 22/27 MP: 2/2
   230 | D:1      | Reached skill level 4 in Fighting
   270 | D:1      | Found a sparkling altar of Nemelex Xobeh.
   492 | D:1      | Reached XP level 3. HP: 24/33 MP: 3/3
  1255 | D:2      | Reached XP level 4. HP: 34/41 MP: 4/4
  1818 | D:3      | Reached XP level 5. HP: 47/47 MP: 5/5
  2084 | D:3      | Reached skill level 5 in Fighting
  2116 | D:3      | Reached skill level 5 in Armour
  2402 | D:3      | Reached XP level 6. HP: 56/56 MP: 6/6
  2536 | D:3      | Noticed Grinder
  2545 | D:3      | Paralysed by Grinder for 5 turns
  2553 | D:3      | Killed Grinder
  2553 | D:3      | Reached skill level 5 in Axes
  2553 | D:3      | Reached XP level 7. HP: 9/62 MP: 7/7
  3052 | D:4      | Reached skill level 6 in Axes
  3134 | D:4      | Noticed vatarom's ghost (average DrBe)
  3157 | D:4      | Killed vatarom's ghost
  3364 | D:4      | Found a white marble altar of Elyvilon.
  3544 | D:4      | Found an iron altar of Okawaru.
  3570 | D:4      | Reached skill level 7 in Axes
  3585 | D:4      | Paralysed by a giant eyeball for 2 turns
  3592 | D:4      | Paralysed by a giant eyeball for 3 turns
  3598 | D:4      | Reached XP level 8. HP: 52/70 MP: 8/8
  3598 | D:4      | Paralysed by a giant eyeball for 3 turns
  3626 | D:4      | Became a worshipper of Warmaster Okawaru
  4059 | D:5      | Entered Level 5 of the Dungeon
  4217 | D:5      | Found a bloodstained altar of Trog.
  4568 | D:5      | Found a radiant altar of Vehumet.
  4568 | D:5      | Found a shattered altar of Ashenzari.
  4626 | D:5      | Reached skill level 8 in Axes
  4629 | D:5      | Found Vytopsoof's Assorted Antiques.
  4635 | D:5      | Bought a scroll of identify for 42 gold pieces
  5076 | D:5      | Acquired Okawaru's first power
  5368 | D:6      | Reached skill level 9 in Axes
  5574 | D:6      | Reached XP level 9. HP: 69/79 MP: 9/9
  5723 | D:6      | Found a basalt altar of Yredelemnul.
  5777 | D:6      | Found a deep blue altar of Sif Muna.
  6064 | D:6      | HP: 3/79 [gnoll/halberd (7)]
  6069 | D:6      | Killed from afar by an orc priest

Action                   |  1- 3 |  4- 6 |  7- 9 || total
-------------------------+-------+-------+-------++-------
Melee: War axe           |   156 |   194 |   441 ||   791
Evoke: Wand              |       |       |     1 ||     1
  Use: Scroll            |     4 |       |    12 ||    16
       Potion            |       |     1 |     6 ||     7
